 Dungeon Crawl Stone Soup version 0.17-a0-1719-g1afd5a1 (webtiles) character file.

196 Raurakos the Cleaver (level 5, 0/42 HPs)
             Began as a Hill Orc Gladiator on Aug 28, 2015.
             Slain by an apocalypse crab (9 damage)
             ... on level 1 of the Abyss.
             The game lasted 00:10:33 (3000 turns).

Raurakos the Cleaver (Hill Orc Gladiator)           Turns: 3000, Time: 00:10:33

Health: 0/42       AC:  6    Str: 18    XL:     5   Next: 75%
Magic:  5/5        EV: 11    Int:  8    God:
Gold:   172        SH:  0    Dex: 12    Spells: 0 memorised, 4 levels left

rFire  . . .     SeeInvis .     a - +0 war axe
rCold  . . .     Clarity  .     p - +0 ring mail
rNeg   . . .     SustAt   .     (no shield)
rPois  +         Gourm    .     c - +0 helmet
rElec  .         Spirit   .     (no cloak)
rCorr  .         Warding  .     (no gloves)
rMut   .         Stasis   .     (no boots)
MR     .....                    r - amulet of regeneration
Stlth  +.........               (no ring)
                                t - ring of poison resistance

@: not resistant to hostile enchantments, very unstealthy
A: no striking features
a: no special abilities


You were on level 1 of the Abyss.
You were not hungry.

You visited 1 branch of the dungeon, and saw 3 of its levels.
You visited the Abyss 1 time.

You collected 172 gold pieces.

Inventory:

Hand weapons
 a - a +0 war axe (weapon)
Missiles
 e - 3 throwing nets
 m - 124 stones (quivered)
Armour
 c - a +0 helmet (worn)
 p - a +0 ring mail (worn)
Jewellery
 q - an uncursed ring of ice
 r - an amulet of regeneration (around neck)
 t - a ring of poison resistance (left hand)
Scrolls
 d - a scroll of immolation {unknown}
 f - 3 scrolls of enchant armour {unknown}
 h - 3 scrolls of remove curse {unknown}
 i - 3 scrolls of identify
 k - 3 scrolls of enchant weapon {unknown}
 n - a scroll of magic mapping {unknown}
 o - a scroll of teleportation {unknown}
Potions
 b - a potion of invisibility
 g - a potion of curing
Comestibles
 j - 3 meat rations
 l - 2 beef jerkies
 u - a bread ration


   Skills:
 - Level 2.4 Fighting
 + Level 8.2 Axes
 - Level 2.0 Throwing
 - Level 2.4 Dodging


You had 4 spell levels left.
You didn't know any spells.

Dungeon Overview and Level Annotations

Branches:
Dungeon (3/15)

Altars:
Xom

Annotations:
D:3 Jessica; Zebura's ghost, weakling OgSk


Message History

Found a runed mace.
A large abomination comes into view.
A large abomination comes into view.
The large abomination hits you!!
Ouch! That really hurt!
* * * LOW HITPOINT WARNING * * *
You feel yourself growing ill in the presence of the ancient zyme.
An ancient zyme comes into view.
Found a scroll labeled JASCHA IMYEM.
An apocalypse crab comes into view.
The apocalypse crab barely misses you. The apocalypse crab claws you!
* * * LOW HITPOINT WARNING * * *
Found a bubbling silvery potion.
You see here a bubbling silvery potion.
You hit the apocalypse crab.
The apocalypse crab is lightly wounded.
The apocalypse crab bites you.
* * * LOW HITPOINT WARNING * * *
The apocalypse crab claws you!
You die...

## #..
#######.#
#@.#.#.# ##
##t#..# ...
#..#.# #...
##!..####...#.
#..#.#..#...
#.#.#.....# .
#...#.#...#..
#.##..#.# ..#
#............


You could see an apocalypse crab.

Vanquished Creatures
  A crimson imp (D:3)
  An orc wizard (D:3)
  2 gnolls
  6 adders
  3 giant geckos
  3 orcs (D:3)
  5 giant cockroaches
  11 goblins
  3 hobgoblins
  4 jackals
  2 ball pythons
  5 bats (D:1)
  9 kobolds
  A quokka (D:2)
  5 rats
61 creatures vanquished.

Notes
Turn   | Place    | Note
--------------------------------------------------------------
     0 | D:1      | Raurakos the Hill Orc Gladiator began the quest for the Orb.
     0 | D:1      | Reached XP level 1. HP: 18/18 MP: 1/1
    90 | D:1      | Reached XP level 2. HP: 25/25 MP: 2/2
   204 | D:1      | Reached skill level 5 in Axes
   551 | D:1      | Reached XP level 3. HP: 30/30 MP: 3/3
  1146 | D:1      | Reached skill level 6 in Axes
  1286 | D:2      | Reached XP level 4. HP: 24/37 MP: 4/4
  1754 | D:2      | Reached skill level 7 in Axes
  2232 | D:3      | Reached XP level 5. HP: 39/42 MP: 5/5
  2390 | D:3      | Noticed Jessica
  2695 | D:3      | Noticed Zebura's ghost (weakling OgSk)
  2782 | D:3      | Found a shimmering altar of Xom.
  2822 | D:3      | Reached skill level 8 in Axes
  2906 | D:3      | Cast into the Abyss (Jessica)
  2964 | Abyss:1  | Noticed a large abomination
  2970 | Abyss:1  | Noticed a large abomination
  2977 | Abyss:1  | Noticed an ancient zyme
  2990 | Abyss:1  | Noticed an apocalypse crab
  3000 | Abyss:1  | Slain by an apocalypse crab

Vault maps used:
D:1:      tarquinn_simple_flora_water_e, hangedman_decor_push,
          roderic_filled_cross
D:3:      minmay_goblin_kobold_castle, led_xom_imps, uniq_jessica

Action                   |  1- 3 |  4- 6 || total
-------------------------+-------+-------++-------
Melee: War axe           |    82 |   108 ||   190
Throw: Stone             |    25 |    46 ||    71
       Throwing net      |     1 |       ||     1
  Use: Scroll            |       |     2 ||     2
  Eat: Chunk             |     1 |     2 ||     3
       Bread ration      |     1 |       ||     1
